 Dungeon Crawl Stone Soup version 0.22.0-60-ga52c2fc (webtiles) character file.

180 jerryfan the Ruffian (level 5, 0/42 HPs)
             Began as a Draconian Transmuter on Sept 8, 2018.
             Slain by a worker ant (6 damage)
             ... on level 4 of the Dungeon on Sept 9, 2018.
             The game lasted 00:14:06 (2464 turns).

jerryfan the Ruffian (Draconian Transmuter)         Turns: 2464, Time: 00:14:07

Health: 0/42       AC:  6    Str: 13    XL:     5   Next: 33%
Magic:  9/9        EV: 12    Int: 14    God:
Gold:   136        SH:  0    Dex: 11    Spells: 6/9 levels left

rFire    . . .     SeeInvis .     - Unarmed
rCold    . . .     Gourm    .   (no shield)
rNeg     . . .     Faith    .   (armour unavailable)
rPois    .         Spirit   .   (helmet restricted)
rElec    .         Reflect  .   r - +0 cloak
rCorr    .         Harm     .   (no gloves)
MR       .....                  (no boots)
Stlth    +.........             (no amulet)
HPRegen  0.14/turn              (no ring)
MPRegen  0.11/turn              (no ring)

@: lethally poisoned (0 -> -11)
A: unfitting armour, cold-blooded, AC +5
a: no special abilities


You were on level 4 of the Dungeon.
You were not hungry.

You visited 1 branch of the dungeon, and saw 4 of its levels.

You collected 136 gold pieces.

Inventory:

Hand Weapons
 p - a cursed -2 dagger
Missiles
 a - 7 arrows
Armour
 r - a +0 cloak (worn)
Wands
 q - a wand of random effects (30)
Scrolls
 d - 4 scrolls of amnesia {unknown}
 e - 3 scrolls of remove curse {unknown}
 f - a scroll of magic mapping {unknown}
 k - a scroll of enchant weapon {unknown}
 l - 2 scrolls of identify {unknown}
 m - a scroll of fear {unknown}
 n - 2 scrolls of blinking {unknown}
Potions
 g - 2 potions of degeneration {unknown}
 h - a potion of lignification {unknown}
 i - 2 potions of heal wounds {unknown}
 j - a potion of might {unknown}
 o - a potion of berserk rage {unknown}
 s - 2 potions of cancellation {unknown}
 t - a potion of flight {unknown}
Comestibles
 b - 3 chunks of flesh
 c - 7 rations


   Skills:
 + Level 2.6 Fighting
 + Level 2.7 Dodging
 + Level 3.7 Unarmed Combat
 + Level 2.8 Spellcasting
 * Level 3.2 Transmutations


You had 6 spell levels left.
You knew the following spells:

 Your Spells              Type           Power        Failure   Level  Hunger
a - Beastly Appendage     Tmut           ##....       6%          1    #......
b - Sticks to Snakes      Tmut           ##......     9%          2    ###....

Your spell library contained the following spells:

 Spells                   Type           Power        Failure   Level  Hunger
 Spider Form              Tmut/Pois      #.........   34%         3    ###....
 Ice Form                 Ice/Tmut       #.......     75%         4    #####..
 Blade Hands              Tmut           ##........   86%         5    ######.


Dungeon Overview and Level Annotations

Branches:
Dungeon (4/15)
 Temple: D:4-7

Altars:
Hepliaklqana
Uskayaw

Annotations:
D:4 Menkaure


Innate Abilities, Weirdness & Mutations

Your plain brown scales are hard. (AC +5)
You cannot fit into any form of body armour.
You are cold-blooded and may be slowed by cold attacks.


Message History

The worker ant poisons you!
Menkaure, Prince of Dust comes into view.
You feel sick.
You feel sick.
Menkaure calls on the powers of darkness!
Your body is wracked with pain!
The worker ant convulses!
The adder convulses!
The worker ant bites you. The adder bites you.
You feel sick. The worker ant bites you.
* * * LOW HITPOINT WARNING * * *
You are lethally poisoned!
The worker ant poisons you! The adder bites you but does no damage.
The orc wizard mumbles some strange words.
The orc wizard blinks!
The bullfrog skeleton barely misses you.
There is a stone staircase leading up, spattered with blood here.
* * * LOW HITPOINT WARNING * * *
You feel sick. The adder bites you.
* * * LOW HITPOINT WARNING * * *
The worker ant bites you.
You die...

.........# #######
..........### #..<..#
....M............##.##
# .......$...##### #.#
##
................###.#
##. ........(.#
#)....####..
..........#
####..##.).#
....."..Z@# #..#...##
...(.>..aS#####
#....###
#..##...ao....# #..#.#
.#.........# #.##.#
#..o....(...# #....#
##.....o...o# #.....
##.........# #.#...
#.......o.# #.#....
...........# #.# ...


You could see Menkaure, 2 worker ants, an orc wizard, an adder, 4 orcs and a
bullfrog skeleton.

Vanquished Creatures
  Jessica (D:3)
  3 adders
  A dart slug (D:1)
  3 leopard geckos
  5 orcs
  5 giant cockroaches
  12 goblins
  6 hobgoblins
  5 jackals
  A ball python (D:2)
  4 bats
  6 frilled lizards
  8 kobolds
  3 rats
63 creatures vanquished.

Vanquished Creatures (collateral kills)
  Ijyb (D:3)
  Terence (D:3)
  An adder (D:2)
  2 worms (D:2)
  A dart slug (D:3)
  A bat (D:3)
  A goblin (D:3)
  A kobold (D:3)
  A quokka (D:3)
10 creatures vanquished.

Grand Total: 73 creatures vanquished

Notes
Turn   | Place    | Note
-------+----------+-------------------------------------------
     0 | D:1      | jerryfan the Draconian Transmuter began the quest for the
                  | Orb.
     0 | D:1      | Reached XP level 1. HP: 16/16 MP: 3/3
   137 | D:1      | Reached XP level 2. HP: 21/23 MP: 3/5
   492 | D:1      | Upgraded the game from 0.22.0-49-gab54619 to
                  | 0.22.0-60-ga52c2fc
   553 | D:1      | Reached XP level 3. HP: 24/29 MP: 4/6
   757 | D:2      | Learned a level 2 spell: Sticks to Snakes
   973 | D:2      | Found a hazy altar of Hepliaklqana.
   993 | D:2      | Found a hide-covered altar of Uskayaw.
  1253 | D:2      | Found a faded altar of an unknown god.
  1489 | D:2      | Reached XP level 4. HP: 33/36 MP: 5/7
  1855 | D:3      | Noticed Terence
  1868 | D:3      | Killed Terence
  1968 | D:3      | Noticed Ijyb
  1990 | D:3      | Killed Ijyb
  1990 | D:3      | Reached XP level 5. HP: 42/42 MP: 2/9
  2195 | D:3      | Noticed Jessica
  2214 | D:3      | Killed Jessica
  2461 | D:4      | Noticed Menkaure
  2464 | D:4      | Slain by a worker ant

Skill      XL: |  1  2  3  4  5 |
---------------+----------------+-----
Dodging        | 2 |  2.7
Fighting       | 2 |  2.6
Transmutations | 3 |  3.2
Unarmed Combat | |  3.7
Spellcasting   | |  2.8

Action                   |  1- 3 |  4- 6 || total
-------------------------+-------+-------++-------
Melee: Unarmed           |   169 |    83 ||   252
       Tailslap          |    12 |     6 ||    18
       Kick              |    10 |     6 ||    16
       Punch             |     3 |     2 ||     5
       Headbutt          |     4 |     2 ||     6
 Cast: Beastly Appendage |    27 |     8 ||    35
       Sticks to Snakes  |     6 |    12 ||    18
 Stab: Sleeping          |       |     1 ||     1
  Eat: Chunk             |     3 |     4 ||     7
Armor: Skin              |    46 |    28 ||    74
Dodge: Dodged            |    88 |    50 ||   138
